 Dungeon Crawl Stone Soup version 0.18-a0-1413-g4eaa9ac (webtiles) character file.

161 Kilingo the Ruffian (level 5, -4/40 HPs)
             Began as a Draconian Transmuter on Feb 25, 2016.
             Killed by divine providence
             ... invoked by an orc priest
              (10 damage)
             ... on level 3 of the Dungeon.
             The game lasted 00:30:36 (1905 turns).

Kilingo the Ruffian (Draconian Transmuter)          Turns: 1905, Time: 00:30:38

Health: -4/40      AC:  5    Str: 13    XL:     5   Next: 19%
Magic:  8/8        EV: 18    Int: 14    God:
Gold:   102        SH:  0    Dex: 16    Spells: 3 memorised, 2 levels left

rFire  . . .     SeeInvis .       - Unarmed
rCold  . . .     Gourm    .     (armour unavailable)
rNeg   . . .     Faith    .     (no shield)
rPois  .         Spirit   .     (helmet restricted)
rElec  .         Dismiss  .     (no cloak)
rCorr  .         Reflect  .     (no gloves)
SustAt .         Harm     .     (no boots)
MR     .....                    (no amulet)
Stlth  +++.......               (no ring)
                                (no ring)

@: agile, lethally poisoned (-4 -> -4), not resistant to hostile enchantments,
fairly stealthy
A: unfitting armour, cold-blooded, AC +5
a: no special abilities


You were on level 3 of the Dungeon.
You were not hungry.

You visited 1 branch of the dungeon, and saw 3 of its levels.

You collected 102 gold pieces.

Inventory:

Hand Weapons
 j - a +0 club
 r - a +0 club
 v - a +0 blowgun
 w - a +2 dagger of venom
Missiles
 a - 6 arrows
 l - 38 stones (quivered)
 x - 13 poisoned needles
Armour
 i - a +2 cloak
Scrolls
 d - a scroll of enchant weapon
 g - a scroll of fog {unknown}
 h - a scroll of amnesia {unknown}
 k - a scroll of enchant armour {unknown}
 m - a scroll of noise
 n - 2 scrolls of remove curse {unknown}
 o - a scroll of random uselessness {unknown}
Potions
 e - a potion of lignification {unknown}
 f - a potion of might {unknown}
 q - a potion of agility
Books
 b - a book of Changes

   Spells                             Type                      Level
   a - Beastly Appendage              Transmutation                1
   b - Sticks to Snakes               Transmutation                2
   c - Spider Form                    Transmutation/Poison         3
   d - Ice Form                       Ice/Transmutation            4
   e - Blade Hands                    Transmutation                5
Comestibles
 c - a bread ration
 p - 2 meat rations
 s - a slice of pizza
 t - a beef jerky
 u - 4 chunks of flesh


   Skills:
 + Level 1.5 Fighting
 + Level 1.1 Throwing
 + Level 3.1 Dodging
 - Level 0.6 Stealth
 + Level 4.5 Unarmed Combat
 + Level 2.1 Spellcasting
 + Level 2.0 Transmutations


You had 2 spell levels left.
You knew the following spells:

 Your Spells              Type           Power        Failure   Level  Hunger
a - Beastly Appendage     Trmt           #.....       12%         1    ##.....
b - Sticks to Snakes      Trmt           #.......     17%         2    ###....
c - Spider Form           Trmt/Pois      #.........   47%         3    ####...


Dungeon Overview and Level Annotations

Branches:
Dungeon (3/15)

Altars:


Innate Abilities, Weirdness & Mutations

Your plain brown scales are hard (AC +5).
Your body does not fit into most forms of armour.
You are cold-blooded and may be slowed by cold attacks.


Message History

l - 38 stones (gained 1)
You feel sick.
Found a stone staircase leading down.
An orc and an orc priest come into view.
The orc shouts!
Found a brown potion and a dagger.
The orc priest shouts!
Drink which item? (? for menu, Esc to quit)
It was a potion of agility.
You feel agile all of a sudden.
You feel sick.
An orc comes into view. It is wielding a short sword.
Read which item? (? for menu, Esc to quit)
As you read the scroll labeled MOWUQI UQUO, it crumbles to dust.
You hear a loud clanging noise!
It was a scroll of noise.
The orc shouts!
You hear a shout! x3
The orc priest mumbles some strange prayers to Beogh against you.
Beogh smites you!
You die...

.##### #........# ..
.....###........### ...
####..............# ....
# ##..........##.oo. ##
#...............)
.#######...............#
........)..........o...#
..#######............#.K
#.# #######.@....... .#
#......##! .. #......#
#.# #......# .# ####.(##
#..# #.# #### .# ...##


You could see an orc priest, 2 orcs and a kobold.

Vanquished Creatures
  Terence (D:2)
  7 adders
  2 gnolls (D:2)
  An ooze (D:2)
  4 worms
  5 bats
  A giant cockroach (D:1)
  5 goblins
  5 hobgoblins
  3 giant newts
  3 kobolds
  4 rats
41 creatures vanquished.

Vanquished Creatures (collateral kills)
  A gnoll (D:2)
  A dart slug (D:2)
2 creatures vanquished.

Grand Total: 43 creatures vanquished

Notes
Turn   | Place    | Note
--------------------------------------------------------------
     0 | D:1      | Kilingo the Draconian Transmuter began the quest for the Orb.
     0 | D:1      | Reached XP level 1. HP: 16/16 MP: 3/3
   403 | D:1      | Reached XP level 2. HP: 21/23 MP: 5/5
   621 | D:2      | Noticed Terence
   642 | D:2      | Killed Terence
   642 | D:2      | Reached XP level 3. HP: 14/28 MP: 4/6
   649 | D:2      | Learned a level 2 spell: Sticks to Snakes
   794 | D:2      | Reached skill level 4 in Unarmed Combat
  1010 | D:2      | Reached XP level 4. HP: 18/35 MP: 7/7
  1079 | D:2      | Learned a level 3 spell: Spider Form
  1530 | D:2      | Reached skill level 1 in Throwing
  1792 | D:3      | Reached XP level 5. HP: 36/40 MP: 8/8
  1905 | D:3      | Killed from afar by an orc priest

Vault maps used:
D:1:      lightli_arrival_flooded_house
D:2:      uniq_terence
D:3:      first_bread, yredelemnul_altar_generic

Skill      XL: |  1  2  3  4 |
---------------+-------------+-----
Dodging        | 2 3 |  3.1
Unarmed Combat | 4 |  4.5
Throwing       | 1 |  1.1
Fighting       | |  1.5
Stealth        | |  0.6
Spellcasting   | |  2.1
Transmutations | |  2.0

Action                   |  1- 3 |  4- 6 || total
-------------------------+-------+-------++-------
Melee: Unarmed           |    91 |   102 ||   193
       Dagger            |     2 |       ||     2
Throw: Stone             |    24 |    58 ||    82
 Cast: Beastly Appendage |     4 |     2 ||     6
       Sticks to Snakes  |       |     6 ||     6
  Use: Scroll            |     3 |     1 ||     4
       Potion            |       |     1 ||     1
 Stab: Sleeping          |     1 |     1 ||     2
  Eat: Chunk             |       |     2 ||     2
       Bread ration      |       |     1 ||     1
